Map: [ESL] Curious Minds

Players

Has - Winner!

  • Race: Protoss Protoss
  • League: Diamond

Kelazhur

  • Race: Terran Terran

Event: IEM Katowice 2022

VOD

Have the link to the VOD?

Description

Time

  • Played on: Feb. 23, 2022, 8:55 a.m.
  • Length: 13:59

All games in this series

Show
View Real Time Build Order
Export as new Build Order

Has Protoss - Winner!

Build Orders: 1 Gate Expand, Blink Stalkers 

Get SALT Encoding   

  12  0:00  Probe  
  13  0:12  Probe  
  14  0:17  Pylon  
  14  0:24  Probe (Chrono Boost)  
  15  0:36  Gateway  
  15  0:38  Probe (Chrono Boost)  
  15  0:42  Probe (Chrono Boost)  
  16  0:45  Assimilator  
  17  0:53  Probe  
  18  1:05  Probe  
  19  1:17  Nexus  
  19  1:27  Cybernetics Core  
  19  1:30  Probe  
  20  1:37  Assimilator  
  20  1:42  Probe  
  21  1:49  Pylon  
  21  1:54  Probe  
  22  2:03  Warp Gate  
  22  2:04  Stalker (Chrono Boost)  
  22  2:07  Probe  
  24  2:19  Probe  
  25  2:25  Twilight Council  
  25  2:29  Probe (Chrono Boost)  
  26  2:31  Stalker  
  29  2:38  Probe (Chrono Boost)  
  29  2:41  Probe (Chrono Boost)  
  30  2:49  Probe (Chrono Boost)  
  30  2:50  Probe (Chrono Boost)  
  32  2:54  Gateway  
  32  2:55  Probe  
  34  3:09  Gateway  
  34  3:10  Robotics Facility  
  33  3:15  Probe (Chrono Boost)  
  33  3:16  Probe (Chrono Boost)  
  33  3:18  Blink (Chrono Boost)  
  35  3:26  Probe (Chrono Boost)  
  37  3:29  Probe (Chrono Boost)  
  37  3:31  Probe (Chrono Boost)  
  38  3:37  Probe  
  39  3:41  Probe  
  39  3:45  Pylon  
  40  3:50  Probe  
  40  3:51  Gateway  
  40  3:53  Probe  
  40  3:54  Stalker x2  
  46  4:00  Pylon  
  46  4:03  Observer  
  46  4:05  Probe  
  48  4:10  Gateway  
  48  4:11  Gateway, Probe  
  49  4:21  Stalker  
  49  4:22  Stalker  
  49  4:23  Probe  
  54  4:29  Pylon  
  55  4:36  Probe  
  54  4:40  Probe  
  54  4:45  Stalker x2  
  59  4:49  Nexus  
  59  4:51  Probe  
  60  4:56  Pylon  
  60  4:58  Probe  
  61  5:06  Forge x2  
  61  5:12  Probe  
  62  5:18  Probe  
  62  5:19  Observer  
  63  5:22  Stalker x2  
  63  5:24  Stalker  
  63  5:25  Stalker  
  63  5:28  Probe  
  72  5:31  Probe  
  73  5:38  Gateway  
  73  5:39  Gateway, Charge (Chrono Boost)  
  73  5:40  Gateway  
  73  5:43  Probe  
  73  5:44  Probe  
  75  5:55  Probe  
  76  6:00  Probe  
  77  6:05  Probe  
  77  6:08  Zealot  
  77  6:09  Zealot x3  
  86  6:11  Probe  
  87  6:22  Protoss Ground Armor Level 1 (Chrono Boost), Protoss Ground Weapons Level 1 (Chrono Boost)  
  87  6:23  Probe  
  88  6:26  Gateway  
  88  6:27  Gateway  
  88  6:31  Probe  
  89  6:43  Pylon, Zealot x3  
  89  6:45  Pylon  
  89  6:47  Pylon  
  93  6:49  Pylon x2  
  93  7:04  Zealot x7  
  107  7:10  Probe x2  
  101  7:16  Probe  
  101  7:22  Probe  
  77  7:25  Stalker x4  
  77  7:26  Zealot x4  
  77  7:27  Zealot  
  95  7:35  Probe  
  96  7:37  Probe  
  96  7:38  Probe  
  96  7:39  Nexus  
  96  7:42  Pylon  
  98  7:45  Observer (Chrono Boost)  
  98  7:48  Probe  
  100  7:52  Probe  
  100  7:53  Probe  
  100  7:58  Sentry, Zealot  
  104  7:59  Zealot x2  
  104  8:04  Probe x2  
  112  8:08  Zealot  
  112  8:09  Zealot x4, Observer  
  122  8:13  Immortal (Chrono Boost)  
  126  8:20  Pylon  
  126  8:22  Pylon  
  126  8:23  Probe  
  126  8:24  Probe x2  
  129  8:29  Pylon  
  129  8:30  Pylon  
  129  8:32  Observer  
  129  8:38  Zealot x5  
  129  8:39  Zealot x3  
  129  8:41  Probe x2  
  146  8:42  Probe  
  147  8:51  Shield Battery  
  147  8:52  Shield Battery  
  146  9:04  Zealot x8  
  146  9:05  Zealot  
  146  9:08  Probe x3  
  167  9:15  Warp Prism (Chrono Boost)  
  168  9:26  Probe x2  
  162  9:31  Zealot  
  162  9:32  Zealot x7  
  175  9:39  Probe  
  175  9:42  Zealot  
  175  9:43  Probe  
  170  9:50  Protoss Ground Armor Level 2 (Chrono Boost)  
  170  9:51  Observer (Chrono Boost)  
  155  9:53  Stalker x5  
  155  9:54  Stalker x3  
  171  10:02  Zealot  
  173  10:10  Probe x2  
  173  10:14  Zealot x5  
  177  10:17  Zealot x2  
  177  10:18  Zealot  
  181  10:23  Protoss Ground Weapons Level 2 (Chrono Boost)  
  181  10:24  Probe  
  181  10:28  Probe  
  157  10:32  Zealot x6  
  161  10:41  Zealot x3  
  153  10:44  Probe  
  138  10:52  Zealot x6  
  138  10:58  Probe  
  138  10:59  Probe  
  138  11:03  Zealot x3  
  134  11:10  Stalker x4  
  142  11:17  Zealot x2  
  146  11:23  Zealot x3  
  152  11:30  Observer  
  153  11:38  Nexus  
  153  11:39  Zealot x6  
  165  11:42  Probe  
  165  11:43  Pylon  
  165  11:46  Pylon  
  166  11:54  Zealot  
  165  11:56  Probe  
  166  12:06  Zealot x8  
  150  12:32  Zealot x8  
  150  12:33  Zealot  
  150  12:39  Probe  
  117  12:44  Probe  
  117  12:45  Probe  
  95  12:51  Probe  
  95  12:54  Stalker x3  
  95  12:55  Stalker x5  
  95  12:56  Zealot  
  108  12:59  Probe  
  105  13:18  Zealot  
  105  13:19  Zealot x8  
  123  13:21  Observer  
  124  13:35  Probe x4  
  124  13:36  Probe  
  124  13:38  Zealot x4  
  124  13:39  Zealot x5  
  131  13:50  Gateway  
  131  13:51  Gateway  
  131  13:52  Gateway x2  
  131  13:54  Zealot x4  
  131  13:55  Nexus  
  139  13:56  Pylon  
Show
View Real Time Build Order
Export as new Build Order

Kelazhur Terran 

Build Orders:  

Get SALT Encoding   

  12  0:00  SCV  
  13  0:12  SCV  
  14  0:16  Supply Depot  
  14  0:24  SCV  
  15  0:38  SCV  
  15  0:40  Barracks  
  15  0:42  Refinery  
  16  0:50  SCV  
  16  0:52  Refinery  
  17  1:02  SCV  
  18  1:07  Supply Depot  
  18  1:14  SCV  
  19  1:27  Reaper, Orbital Command  
  20  1:41  Factory  
  20  1:53  SCV  
  21  1:59  Reaper  
  22  2:05  SCV  
  23  2:17  SCV  
  24  2:24  Command Center  
  24  2:29  Hellion  
  26  2:30  SCV  
  26  2:35  Reaper  
  28  2:42  Supply Depot, SCV  
  29  2:51  Hellion  
  31  2:55  Starport  
  31  3:03  SCV  
  32  3:12  Barracks Reactor, Bunker  
  32  3:13  Factory Tech Lab  
  32  3:16  SCV  
  33  3:28  SCV  
  33  3:33  Starport Tech Lab, Cyclone  
  37  3:36  Orbital Command  
  37  3:40  SCV  
  38  3:48  Marine x2  
  38  3:52  SCV, Raven  
  43  4:03  SCV  
  43  4:04  SCV  
  43  4:07  Barracks, Marine x2  
  47  4:15  SCV, Siege Tank  
  47  4:16  SCV  
  52  4:21  Supply Depot  
  52  4:27  SCV  
  52  4:28  SCV  
  52  4:29  Barracks  
  54  4:41  Marine x2  
  54  4:43  SCV x2  
  56  4:45  Refinery  
  56  4:47  Supply Depot  
  56  4:49  Siege Tank  
  59  4:53  Refinery  
  59  4:55  SCV x2  
  59  4:58  Marine  
  62  5:01  Starport Tech Lab  
  62  5:08  Stimpack, Marine  
  62  5:09  SCV, Marauder  
  62  5:10  Supply Depot  
  62  5:12  SCV  
  67  5:17  Supply Depot  
  67  5:20  Marine  
  68  5:21  SCV  
  68  5:24  SCV  
  68  5:27  Starport Reactor  
  70  5:30  Engineering Bay  
  70  5:31  Marine  
  70  5:32  Siege Tank  
  70  5:35  Marauder  
  76  5:36  Marauder  
  76  5:37  Combat Shield  
  76  5:39  SCV  
  76  5:41  SCV  
  80  5:45  Marine  
  80  5:49  Supply Depot  
  81  5:51  Supply Depot, Marine  
  81  5:56  Terran Infantry Weapons Level 1  
  81  5:57  SCV  
  83  5:59  Marauder  
  85  6:04  Marine  
  85  6:07  Supply Depot  
  85  6:10  Medivac x2  
  85  6:11  Marauder  
  92  6:18  Marine  
  90  6:20  Supply Depot  
  90  6:25  Marine, Marauder  
  93  6:32  Marauder  
  95  6:36  Marine  
  95  6:38  Siege Tank  
  97  6:43  Command Center  
  97  6:45  SCV  
  97  6:51  Marine, Marauder  
  97  6:53  Marauder  
  97  6:54  Marine  
  102  6:57  Concussive Shells  
  102  6:59  Medivac  
  103  7:03  Medivac  
  105  7:09  SCV x2  
  105  7:10  Supply Depot  
  100  7:21  SCV, Marauder  
  84  7:26  Marine x2, Marauder  
  84  7:27  SCV  
  84  7:40  SCV x2  
  84  7:41  Barracks  
  84  7:43  Barracks, Marauder  
  86  7:46  Marine x2  
  86  7:47  Factory Reactor  
  86  7:50  Terran Infantry Armor Level 1  
  90  7:51  Marauder  
  90  7:58  Orbital Command  
  90  8:02  Medivac x2  
  90  8:04  Marauder  
  96  8:08  Marine x2  
  96  8:10  Armory  
  98  8:14  Marauder  
  98  8:18  Supply Depot  
  100  8:22  SCV x2  
  100  8:26  Marauder, Marine  
  100  8:27  Marine  
  105  8:29  Marauder  
  105  8:30  Orbital Command  
  108  8:34  SCV x2  
  108  8:38  Barracks Reactor, Marauder  
  108  8:39  Widow Mine x2  
  116  8:46  SCV x2  
  118  8:51  Marauder x2  
  118  8:53  Marine x2  
  124  8:56  Bunker  
  124  8:58  SCV x2  
  124  8:59  SCV  
  124  9:01  Widow Mine x2  
  131  9:04  Marauder  
  131  9:05  Medivac x2  
  137  9:10  SCV x2  
  137  9:11  SCV  
  137  9:12  Marine, Marauder  
  137  9:14  Missile Turret  
  137  9:16  Missile Turret, Refinery, Marine  
  144  9:17  Marine  
  144  9:21  Marine  
  144  9:22  SCV, Marauder  
  149  9:26  Widow Mine, Orbital Command  
  149  9:28  Marauder  
  149  9:29  Marine  
  132  9:34  Marauder, Marine  
  132  9:37  Marine  
  129  9:40  Widow Mine  
  129  9:42  Marine  
  129  9:43  Marauder  
  129  9:45  SCV x2  
  123  9:50  Marauder  
  119  9:55  Marauder  
  121  10:00  Marine x3  
  121  10:05  Marauder  
  126  10:08  SCV  
  126  10:11  Marauder  
  126  10:14  Marine  
  128  10:15  SCV  
  128  10:16  Orbital Command, Marauder  
  128  10:20  SCV  
  126  10:22  Marine x2  
  126  10:26  Marauder, Marine  
  123  10:32  Marine x2  
  124  10:38  Marauder  
  124  10:40  Medivac x2  
  120  10:45  Marine  
  117  10:51  Marine  
  117  10:53  Marauder  
  121  10:59  Marine x3, Marauder  
  117  11:13  Command Center  
  109  11:18  Terran Infantry Weapons Level 2  
  109  11:20  Marine x3  
  114  11:25  Marauder  
  114  11:28  Widow Mine x2  
  114  11:29  Marine  
  119  11:33  Medivac  
  119  11:35  Medivac  
  125  11:40  Marauder  
  125  11:45  Ghost Academy  
  125  11:54  Widow Mine x2  
  125  12:01  Marine x3  
  131  12:12  Marauder  
  129  12:15  Ghost  
  129  12:20  Ghost  
  129  12:21  Marine  
  128  12:32  Medivac x2  
  128  12:36  SCV  
  122  12:41  Ghost  
  122  12:43  Marine  
  102  12:50  Marine x2  
  76  12:51  Marine  
  76  12:56  Widow Mine  
  74  13:02  Medivac  
  76  13:09  Marauder  
  76  13:12  Marine, Marauder  
  78  13:18  Marine  
  79  13:22  Marine  
  79  13:27  Marine  
  78  13:32  Marine  

Tags
 
Add a new tag
Caveats
  • Supply blocks, unpowered buildings, or Contaminate may cause inaccurate times.
  • Supply counts are checked every 10 seconds.